Map: Catalisador LE

Players

IagoAbreu - Winner!

  • Race: Protoss Protoss
  • Spawn Location: 5:00

I.A. 1 (Mais difícil)

  • Race: Protoss Protoss
  • Spawn Location: 11:00

VOD

Have the link to the VOD?

Description

Time

  • Played on: Jan. 3, 2018, 9:49 a.m.
  • Length: 13:15
Show
View Real Time Build Order
Export as new Build Order

IagoAbreu Protoss - Winner!

Build Orders: Nexus First 

Get SALT Encoding   

  12  0:01  Probe (Chrono Boost)  
  13  0:11  Probe (Chrono Boost)  
  14  0:16  Probe (Chrono Boost)  
  15  0:29  Pylon  
  15  0:53  Nexus  
  15  0:57  Probe  
  16  1:08  Pylon  
  16  1:14  Pylon  
  16  1:17  Probe (Chrono Boost)  
  18  1:26  Probe (Chrono Boost)  
  18  1:36  Pylon  
  18  1:38  Pylon  
  18  1:46  Assimilator  
  18  1:56  Forge  
  19  2:03  Probe (Chrono Boost)  
  19  2:05  Probe (Chrono Boost)  
  22  2:16  Probe (Chrono Boost)  
  22  2:17  Probe (Chrono Boost)  
  22  2:25  Probe (Chrono Boost)  
  23  2:30  Probe (Chrono Boost)  
  23  2:35  Photon Cannon  
  24  2:37  Photon Cannon  
  24  2:39  Probe  
  25  2:47  Photon Cannon  
  25  2:50  Photon Cannon, Probe  
  26  2:55  Probe  
  27  3:19  Nexus  
  27  3:27  Pylon  
  27  3:31  Assimilator, Probe (Chrono Boost)  
  28  3:41  Probe (Chrono Boost)  
  29  3:42  Pylon  
  29  3:45  Pylon  
  29  3:46  Probe (Chrono Boost)  
  30  3:50  Photon Cannon  
  30  3:52  Photon Cannon  
  30  4:02  Photon Cannon  
  30  4:11  Photon Cannon  
  30  4:32  Nexus  
  30  4:34  Pylon  
  30  4:40  Pylon  
  30  4:43  Pylon  
  30  4:45  Probe (Chrono Boost)  
  31  4:47  Pylon  
  31  4:52  Probe (Chrono Boost)  
  32  4:56  Probe x2 (Chrono Boost)  
  35  5:00  Probe (Chrono Boost)  
  35  5:04  Probe x2 (Chrono Boost)  
  38  5:10  Probe (Chrono Boost)  
  38  5:12  Probe (Chrono Boost)  
  39  5:20  Probe (Chrono Boost)  
  39  5:21  Probe (Chrono Boost)  
  41  5:22  Protoss Ground Weapons Level 1  
  42  5:28  Probe (Chrono Boost)  
  42  5:30  Pylon  
  42  5:35  Pylon  
  42  5:38  Gateway  
  42  5:40  Gateway  
  42  5:41  Gateway  
  42  5:43  Gateway  
  42  5:45  Gateway x2  
  42  5:48  Gateway, Probe (Chrono Boost)  
  45  5:57  Assimilator  
  45  5:58  Probe (Chrono Boost)  
  45  5:59  Probe (Chrono Boost)  
  45  6:04  Probe (Chrono Boost)  
  45  6:07  Probe (Chrono Boost)  
  45  6:09  Probe (Chrono Boost)  
  48  6:15  Probe (Chrono Boost)  
  48  6:18  Probe (Chrono Boost)  
  50  6:23  Probe (Chrono Boost)  
  50  6:25  Probe (Chrono Boost)  
  53  6:26  Probe (Chrono Boost)  
  53  6:28  Probe (Chrono Boost)  
  53  6:31  Probe  
  53  6:32  Zealot  
  61  6:33  Zealot x3  
  61  6:38  Probe  
  68  6:43  Photon Cannon, Probe  
  68  6:45  Photon Cannon  
  68  6:47  Photon Cannon  
  67  6:49  Photon Cannon  
  67  6:50  Probe  
  67  6:51  Photon Cannon  
  67  6:54  Photon Cannon  
  66  7:04  Photon Cannon  
  66  7:06  Photon Cannon  
  60  7:09  Zealot  
  60  7:10  Zealot x2  
  64  7:18  Cybernetics Core  
  64  7:29  Gateway  
  64  7:31  Gateway  
  64  7:33  Gateway  
  64  7:35  Photon Cannon  
  64  7:44  Photon Cannon  
  64  7:46  Photon Cannon  
  64  7:49  Photon Cannon  
  64  7:52  Photon Cannon  
  64  7:58  Gateway x2  
  64  8:01  Protoss Shields Level 1 (Chrono Boost)  
  64  8:04  Warp Gate (Chrono Boost)  
  64  8:31  Adept  
  64  8:32  Adept x3  
  72  8:38  Stalker  
  72  8:39  Stalker x2  
  78  8:45  Gateway  
  78  8:46  Gateway  
  78  8:47  Gateway  
  78  8:49  Gateway  
  78  8:55  Twilight Council  
  78  8:58  Adept  
  78  8:59  Adept x3  
  86  9:08  Stalker  
  86  9:09  Stalker x2  
  92  9:10  Stargate  
  92  9:12  Stargate  
  92  9:14  Stargate  
  92  9:15  Stargate  
  92  9:19  Robotics Facility  
  92  9:32  Charge (Chrono Boost)  
  92  9:41  Protoss Ground Weapons Level 2 (Chrono Boost)  
  92  9:42  Protoss Air Weapons Level 1  
  92  9:58  Sentry x2  
  96  10:00  Zealot x3  
  96  10:01  Zealot x6  
  96  10:02  Zealot x2  
  100  10:42  Zealot x4  
  104  10:43  Zealot x6  
  104  10:44  Zealot x2  
  104  10:45  Zealot  
  116  11:44  Phoenix (Chrono Boost)  
  116  11:45  Phoenix x3 (Chrono Boost)  
  122  11:59  Stalker x3  
  122  12:00  Stalker x5  
  122  12:01  Stalker x4  
  138  12:02  Stalker  
  140  12:27  Zealot x5  
  140  12:28  Zealot x5  
  140  12:29  Zealot x3  
Show
View Real Time Build Order
Export as new Build Order

I.A. 1 (Mais difícil) Protoss 

Build Orders:  

Get SALT Encoding   

  12  0:00  Probe  
  13  0:13  Probe  
  14  0:21  Pylon  
  14  0:25  Probe  
  15  0:39  Probe  
  16  0:47  Assimilator  
  16  0:50  Gateway  
  16  0:51  Probe  
  17  1:00  Pylon  
  17  1:03  Probe  
  18  1:15  Probe  
  19  1:28  Probe  
  20  1:37  Zealot  
  22  1:40  Cybernetics Core  
  22  1:46  Gateway  
  22  1:50  Assimilator  
  22  2:04  Pylon  
  22  2:16  Stalker  
  24  2:27  Warp Gate  
  24  2:32  Zealot  
  26  2:46  Zealot  
  28  2:55  Pylon  
  28  2:59  Adept  
  30  3:13  Stalker  
  32  3:26  Stalker  
  34  3:31  Pylon  
  34  3:41  Probe  
  34  3:43  Stalker  
  37  3:53  Probe  
  38  3:56  Stalker  
  40  4:04  Forge  
  40  4:05  Probe  
  41  4:13  Adept  
  43  4:18  Probe  
  43  4:22  Pylon  
  44  4:26  Stalker  
  44  4:30  Probe  
  47  4:42  Probe  
  48  4:48  Stalker  
  50  5:38  Probe  
  50  6:00  Protoss Ground Weapons Level 1, Sentry  
  50  6:02  Gateway  
  50  6:03  Twilight Council  
  52  6:06  Photon Cannon  
  52  6:07  Photon Cannon, Sentry  
  52  6:08  Nexus  
  52  6:11  Pylon  
  54  6:22  Robotics Facility  
  54  6:23  Sentry  
  56  6:30  Sentry  
  58  6:40  Blink  
  58  6:44  Forge  
  58  6:45  Sentry  
  60  7:09  Observer  
  59  7:17  Protoss Ground Armor Level 1  
  59  7:19  Zealot  
  59  7:21  Probe x2  
  55  7:22  Stargate  
  55  7:26  Zealot  
  53  7:31  Observer, Assimilator  
  53  7:33  Pylon, Adept, Probe x2  
  58  7:40  Stalker  
  60  7:45  Probe  
  60  7:46  Probe  
  60  7:47  Stalker  
  64  7:54  Adept  
  64  7:57  Probe  
  67  7:58  Probe  
  68  8:06  Pylon  
  68  8:09  Probe  
  68  8:10  Probe  
  70  8:21  Probe  
  70  8:22  Probe  
  70  8:25  Photon Cannon  
  72  8:29  Photon Cannon  
  72  8:33  Probe  
  73  8:35  Probe  
  74  8:45  Probe  
  74  8:47  Probe  
  76  8:58  Probe  
  76  8:59  Probe  
  78  9:10  Probe  
  78  9:16  Assimilator  
  79  9:58  Void Ray, Protoss Ground Weapons Level 2, Warp Prism  
  85  10:01  Gateway  
  85  10:03  Zealot  
  85  10:05  Robotics Facility  
  87  10:08  Zealot  
  87  10:09  Stargate, Nexus  
  87  10:11  Pylon  
  80  10:28  Stalker  
  60  10:33  Stalker  
  60  10:35  Observer  
  61  10:38  Stalker  
  63  10:43  Void Ray  
  63  10:51  Zealot  
  63  10:52  Observer  
  63  10:54  Gateway  
  63  10:55  Warp Prism  
  63  10:56  Sentry  
  66  11:01  Zealot  
  66  11:02  Stargate  
  62  11:06  Stalker  
  63  11:11  Stalker  
  63  11:13  Warp Prism  
  61  11:19  Stalker  
  61  11:21  Zealot  
  47  11:29  Stalker  
  20  12:08  Probe  
  18  12:15  Stalker, Probe  
  13  12:20  Probe  
  14  12:27  Probe  
  6  12:32  Probe  
  5  12:40  Probe  
Tags
 
Add a new tag
Caveats
  • Supply blocks, unpowered buildings, or Contaminate may cause inaccurate times.
  • Supply counts are checked every 10 seconds.